 Dungeon Crawl Stone Soup version 0.31-a0-982-g1816016f30 (webtiles) character file.

Game seed: 802927309023162744

74 BinkBink the Chopper (level 4, -1/41 HPs)
             Began as a Minotaur Monk on Nov 2, 2023.
             Slain by an orc
             ... wielding a +0 dagger
              (2 damage)
             ... on level 3 of the Dungeon.
             The game lasted 00:01:20 (1149 turns).

BinkBink the Chopper (Minotaur Monk)                Turns: 1149, Time: 00:01:21

Health: -1/41      AC:  2    Str: 18    XL:     4   Next: 9%
Magic:  3/3        EV: 13    Int:  7    God:
Gold:   66         SH:  0    Dex: 12    Spells: 3/3 levels left

rFire   . . .        a - +0 hand axe
rCold   . . .        d - orb {light}
rNeg    . . .        b - +0 robe
rPois   .            (helmet restricted)
rElec   .            (no cloak)
rCorr   .            (no gloves)
SInv    .            (no boots)
Will    .....        (no amulet)
Stlth   +            (no ring)
HPRegen 0.26/turn    (no ring)
MPRegen 0.08/turn

%: no passive effects
@: glowing
A: horns 2, retaliatory headbutt
a: no special abilities


You were on level 3 of the Dungeon.
You visited 1 branch of the dungeon, and saw 3 of its levels.

You collected 66 gold pieces.

Inventory:

Hand Weapons
 a - a +0 hand axe (weapon)
Armour
 b - a +0 robe (worn)
 d - an orb of light (worn)
Jewellery
 p - a ring of protection from fire
Wands
 m - a wand of light (6)
Scrolls
 e - a scroll of enchant weapon {unknown}
 g - a scroll of noise {unknown}
 k - a scroll of blinking
 n - a scroll of revelation {unknown}
 o - a scroll of amnesia
 q - a scroll of identify {unknown}
Potions
 c - a potion of ambrosia
 f - a potion of enlightenment {unknown}
 h - a potion of attraction {unknown}
 i - 3 potions of degeneration {unknown}
 j - 3 potions of mutation {unknown}
 l - 3 potions of curing {unknown}


   Skills:
 + Level 4.4 Fighting
 + Level 4.5 Axes
 + Level 1.1 Armour
 + Level 4.0 Dodging


You had 3 spell levels left.
You didn't know any spells.
Your spell library was empty.

Dungeon Overview and Level Annotations

Branches:
Dungeon (3/15)

Altars:
Xom


Innate Abilities, Weirdness & Mutations

You have a pair of horns on your head.
You reflexively headbutt those who attack you in melee.


Message History

You barely miss the orc.
You hit the orc. x2; The orc closely misses you.
You furiously retaliate!
You headbutt the orc. The orc misses you.
You barely miss the orc.
The orc is severely wounded.
You hit the orc but do no damage. x2; You barely miss the orc.
The orc hits you with a +2 trident of flaming.
The orc burns you.
An orc wizard comes into view. It is wielding a +0 dagger.
The orc hits you with a +0 morningstar!
* * * LOW HITPOINT WARNING * * *
The orc closely misses you. The orc hits you but does no damage.
The orc wizard shouts!
You slash the orc!
You kill the orc!
You hit the orc but do no damage. You hit the orc. x2
The orc hits you with a +0 dagger.
* * * LOW HITPOINT WARNING * * *
The orc wizard gestures wildly while chanting.
The orc wizard flickers and vanishes!
Deactivating autopickup; reactivate with Ctrl-A.
The orc barely misses you. The orc hits you with a +0 morningstar.
* * * LOW HITPOINT WARNING * * *
You hear a shout!
You barely miss the orc. You headbutt the orc!
You kill the orc!
You hit the orc.
You kill the orc!
You hit the orc.
Something tries to affect you, but you resist.
The orc barely misses you. The orc hits you with a +0 dagger.
* * * LOW HITPOINT WARNING * * *
You completely miss the orc. You headbutt the orc, but do no damage.
The orc is heavily wounded.
The orc hits you with a +0 dagger.
* * * LOW HITPOINT WARNING * * *
Unknown command.
You hit the orc but do no damage. You headbutt the orc, but do no damage.
The orc is heavily wounded.
The orc hits you with a +0 dagger.
You die...

...............
...............
............<...
..................
..................
..............)...
..?......o))......
.........)@†......
..................
..................
......))).........
#####.#<#......###
# ##########


You could see an orc.

Vanquished Creatures
  A gnoll (D:1)
  2 adders (D:2)
  A worm (D:2)
  8 orcs (D:3)
  3 ball pythons
  4 endoplasms
  A giant cockroach (D:2)
  2 quokkas
  3 frilled lizards
  6 goblins
  2 kobolds
  3 rats
36 creatures vanquished.

Notes
Turn   | Place    | Note
-------+----------+-------------------------------------------
     0 | D:1      | BinkBink the Minotaur Monk began the quest for the Orb.
     0 | D:1      | Reached XP level 1. HP: 19/19 MP: 0/0
   156 | D:1      | Reached XP level 2. HP: 19/27 MP: 1/1
   561 | D:2      | Reached XP level 3. HP: 26/33 MP: 2/2
   653 | D:2      | Found a faded altar of an unknown god.
   681 | D:2      | Found a shimmering altar of Xom.
  1139 | D:3      | Reached skill level 1 in Armour
  1143 | D:3      | Reached XP level 4. HP: 24/41 MP: 3/3
  1148 | D:3      | HP: 1/41 [orc/+0 dagger (2)]
  1149 | D:3      | Slain by an orc

Illustrated notes

Levels and vault maps discovered:
D:1:      lightli_arrival_flooded_house, layout_rooms
D:2:      layout_loops_ring, basic_altar, shapermc_ecumenical_altar_venn
D:3:      layout_basic, mainiacjoe_overflow_concentric_impassable,
          mainiacjoe_overflow_24_doors, serial_shops,
          nicolae_shop_bloodbath_and_beyond

Skill      XL: |  1  2  3 |
---------------+----------+-----
Fighting       | 4 |  4.4
Axes           | 4 |  4.5
Dodging        | 4 |  4.0
Armour         | 1 |  1.1

Action                     |  1- 3 |  4- 6 || total
---------------------------+-------+-------++-------
  Melee: Hand axe          |    51 |     6 ||    57
         Headbutt          |     7 |     3 ||    10
    Use: Scroll            |     3 |       ||     3
 Armour: Robe              |    24 |     8 ||    32
  Dodge: Dodged            |    26 |     6 ||    32

Table legend: (Time is in decaauts)
 A = Elapsed time spent in this place.
 B = Non-inter-level travel time spent in this place.
 C = Inter-level travel time spent in this place.
 D = Time resting spent in this place.
 E = Time spent auto-exploring this place.
 F = Levels seen in this place.
 G = Mean time per level.
                   A        B        C        D        E       F      G
               +--------+--------+--------+--------+--------+-----+--------+
         Total |   1154 |   1078 |     76 |      3 |    901 |   3 |  384.7 |
       Dungeon |   1154 |   1078 |     76 |      3 |    901 |   3 |  384.7 |
               +--------+--------+--------+--------+--------+-----+--------+

Top non-repeatable levels by time:
     D:2: 643 daAuts
     D:1: 490 daAuts
     D:3: 20 daAuts
